 Dungeon Crawl Stone Soup version 0.21.1-1-g345015f (webtiles) character file.

233 nicolaieve the Digger (level 6, -1/32 HPs)
             Began as a Gargoyle Earth Elementalist on June 4, 2018.
             Was an Initiate of Vehumet.
             Slain by Menkaure (19 damage)
             ... on level 4 of the Dungeon.
             The game lasted 00:37:52 (3246 turns).

nicolaieve the Digger (Gargoyle Earth Elementalist) Turns: 3246, Time: 00:37:53

Health: -1/32      AC:  6    Str: 12    XL:     6   Next: 4%
Magic:  7/9        EV: 12    Int: 17    God:    Vehumet [......]
Gold:   151        SH:  0    Dex: 10    Spells: 3/9 levels left

rFire    . . .     SeeInvis .   h - +0 club
rCold    . . .     Gourm    .   (no shield)
rNeg     + . .     Faith    .   g - +0 robe
rPois    ∞         Spirit   .   (no helmet)
rElec    +         Reflect  .   (no cloak)
rCorr    .         Harm     .   (no gloves)
MR       .....                  (no boots)
Stlth    ++........             (no amulet)
HPRegen  0.10/turn              l - ring of flight
MPRegen  0.11/turn              (no ring)

@: no status effects
A: negative energy resistance 1, electricity resistance, unbreathing,
petrification resistance, rot immunity, AC +4
a: Renounce Religion, Evoke Flight


You were on level 4 of the Dungeon.
You worshipped Vehumet.
Vehumet was noncommittal.
You were not hungry.

You visited 1 branch of the dungeon, and saw 4 of its levels.

You collected 151 gold pieces.

Inventory:

Hand Weapons
 h - a +0 club (weapon)
 p - a +0 halberd
Missiles
 b - 48 stones (quivered)
Armour
 c - a +0 robe
 f - a +0 robe
 g - a +0 robe (worn)
 r - a scarf of spirit shield
Jewellery
 l - a ring of flight (left hand)
Scrolls
 j - 4 scrolls of teleportation
Potions
 a - a potion of cancellation
 i - a potion of flight
 k - a potion of haste {unknown}
 n - a potion of degeneration {unknown}
 q - a potion of mutation {unknown}
 s - a potion of heal wounds {unknown}
 v - a potion of might {unknown}
Books
 e - a book of Geomancy

   Spells                             Type                      Level
   a - Sandblast                      Earth                        1
   b - Passwall                       Transmutation/Earth          2
   c - Stone Arrow                    Conjuration/Earth            3
   d - Petrify                        Transmutation/Earth          4
   e - Lee's Rapid Deconstruction     Earth                        5
 w - Kikubaaqudgha's Almanac of Dark Rites
   (You found it on level 3 of the Dungeon)

   Spells                             Type                      Level
   a - Animate Skeleton               Necromancy                   1
Comestibles
 d - 5 rations
 t - 6 chunks of flesh


   Skills:
 * Level 0.2 Fighting
 + Level 1.3 Maces & Flails
 - Level 1.5 Dodging
 * Level 3.0 Stealth
 - Level 2.0 Spellcasting
 * Level 1.1 Transmutations
 * Level 7.1 Earth Magic


You had 3 spell levels left.
You knew the following spells:

 Your Spells              Type           Power        Failure   Level  Hunger
a - Sandblast             Erth           ####..       1%          1    #......
b - Passwall              Tmut/Erth      ###.......   5%          2    ###....
c - Stone Arrow           Conj/Erth      ##....       13%         3    ###....


Dungeon Overview and Level Annotations

Branches:
Dungeon (4/15)
 Temple: D:4-7

Altars:
Kikubaaqudgha
Okawaru
Sif Muna
Vehumet

Annotations:
D:4 Menkaure


Innate Abilities, Weirdness & Mutations

You are resistant to torment.
Your stone body is resilient. (AC +4)
You are immune to poison.
You resist negative energy. (rN+)
You are resistant to electric shocks. (rElec)
You can survive without breathing.
You are immune to petrification.
You are immune to rotting.


Message History

Menkaure murmurs a few words.
Menkaure gestures wildly while chanting.
Menkaure seems to speed up.
You open the door.
There is an open door here.
You open the door.
There is an open door here.
Menkaure points at you and mumbles some strange words.
You barely resist.
Casting: Sandblast
Confirm with . or Enter, or press ? or * to list all spells.
Which direction?
This rock feels extremely deep.
Menkaure hits you but does no damage.
Okay, then.
Unknown command.
Okay, then.
Okay, then.
Menkaure hits you! Menkaure hits you!!
Ouch! That really hurt!
You die...

##############'#.....
#...#..........#.....
#...'..........#.....
#...#..........#.....
#...#..........#.....
#######'###...##...#.....
..........###########'###
.........M# #.......<'.
........@.# #........#.
..........# #........#.
..........# #........#.
..........# #........#.
..........# ###########
###########


You could see Menkaure.

Vanquished Creatures
  An orc wizard (D:3)
  Natasha (D:2)
  Robin (D:2)
  3 gnolls (D:2)
  4 adders
  An ooze (D:3)
  An adder skeleton (D:4)
  3 worms
  2 dart slugs
  2 leopard geckos (D:2)
  2 orcs (D:3)
  4 giant cockroaches
  12 goblins
  7 hobgoblins (D:2)
  6 jackals (D:3)
  2 quokkas
  7 bats
  7 frilled lizards
  5 kobolds
  10 rats
81 creatures vanquished.

Notes
Turn   | Place    | Note
-------+----------+-------------------------------------------
     0 | D:1      | nicolaieve the Gargoyle Earth Elementalist began the quest for the Orb.
     0 | D:1      | Reached XP level 1. HP: 10/10 MP: 3/3
   331 | D:1      | Reached skill level 4 in Earth Magic
  1178 | D:2      | Reached XP level 2. HP: 15/15 MP: 3/5
  1185 | D:2      | Learned a level 2 spell: Passwall
  1240 | D:2      | Reached XP level 3. HP: 17/19 MP: 1/6
  1300 | D:2      | Noticed Robin
  1330 | D:2      | Reached skill level 5 in Earth Magic
  1608 | D:2      | Reached skill level 1 in Maces & Flails
  1608 | D:2      | Reached XP level 4. HP: 24/24 MP: 4/7
  1615 | D:2      | Learned a level 3 spell: Stone Arrow
  1662 | D:2      | Killed Robin
  1842 | D:2      | Reached skill level 6 in Earth Magic
  1848 | D:2      | Reached XP level 5. HP: 13/28 MP: 0/8
  2307 | D:3      | Noticed Natasha
  2324 | D:2      | Killed Natasha
  2760 | D:3      | Reached skill level 1 in Transmutations
  2881 | D:3      | Found a faded altar of an unknown god.
  2883 | D:3      | Became a worshipper of Warmaster Okawaru
  2883 | D:3      | Reached * piety under Okawaru
  2979 | D:3      | Reached skill level 7 in Earth Magic
  3101 | D:3      | Found a radiant altar of Vehumet.
  3108 | D:3      | Found an ancient bone altar of Kikubaaqudgha.
  3110 | D:3      | Reached XP level 6. HP: 32/32 MP: 6/9
  3111 | D:3      | Found a deep blue altar of Sif Muna.
  3127 | D:3      | Identified Kikubaaqudgha's Almanac of Dark Rites
  3150 | D:3      | Fell from the grace of Okawaru
  3150 | D:3      | Became a worshipper of Vehumet
  3222 | D:4      | Noticed Menkaure
  3246 | D:4      | Slain by Menkaure

Skill      XL: |  1  2  3  4  5 |
---------------+----------------+-----
Earth Magic    | 4 5 6 7 |  7.1
Maces & Flails | 1 |  1.3
Transmutations | 1 |  1.1
Stealth        | 3 |  3.0
Fighting       | |  0.2
Dodging        | |  1.5
Spellcasting   | |  2.0

Action                   |  1- 3 |  4- 6 || total
-------------------------+-------+-------++-------
Melee: Club              |    12 |    22 ||    34
       Halberd           |       |    15 ||    15
 Cast: Sandblast         |    39 |    68 ||   107
       Stone Arrow       |       |     4 ||     4
       Passwall          |       |     2 ||     2
  Use: Scroll            |     2 |     3 ||     5
  Eat: Chunk             |     3 |     7 ||    10
Armor: Robe              |     3 |    19 ||    22
Dodge: Dodged            |    14 |    48 ||    62
